Panthers vs MapleLeafs

Created - September-22-13 at 11:28

Simulating a Pre-Season

Goals
1 2 3 T
Panthers 1 0 0 1
MapleLeafs 3 0 1 4
Shots
1 2 3 T
Panthers 7 6 12 25
MapleLeafs 7 11 4 22

1st period

1. Panthers , Damien Brunner 3 (Lubomir Visnovsky, Jiri Hudler) at 0:33
2. MapleLeafs , Steve Sullivan 4 (Raffi Torres, Adam Henrique) at 4:58 (PP)
3. MapleLeafs , Patrick Marleau 2 (Vincent Lecavalier, Derek Dorsett) at 7:33 (PP)
4. MapleLeafs , Vincent Lecavalier 2 (Adam Henrique, Jonathan Ericsson) at 14:56

Penalties :
Raffi Torres (TOR) for Hooking (Minor) at 1:03, Bryan Bickell (FLA) for Hooking (Minor) at 4:44, Keith Aulie (FLA) for Interference (Minor) at 6:50, Niklas Kronwall (FLA) for Tripping (Minor) at 8:37, Tyson Strachan (FLA) for Hooking (Minor) at 13:58, Derek Dorsett (TOR) for Hooking (Minor) at 14:44

2nd period

No Goal

Penalties :
Drew Doughty (TOR) for Charging (Minor) at 4:41

3rd period

5. MapleLeafs , Raffi Torres 3 (Steve Sullivan) at 13:07

Penalties :
Derek Dorsett (TOR) for Hooking (Minor) at 0:36, Greg Zanon (TOR) for Cross-checking (Minor) at 3:28, Niklas Kronwall (FLA) for Hooking (Minor) at 15:05, Brian Lashoff (TOR) for Slashing (Minor) at 18:23, Luca Sbisa (FLA) for Holding Stick (Minor) at 18:23

Goalie Stats

Ben Bishop (FLA), 18 saves from 22 shots - (0.818), L, 2-7-1, 60:00 minutes
Ryan Miller (TOR), 24 saves from 25 shots - (0.960), W, 5-4-1, 60:00 minutes

Players Stats for Panthers

Player Name              G  A  P  +/- PIM S  H  SB GA TA FO     MP     PP MP  PK MP  
------------------------------------------------------------------------------------
Brooks Laich             0  0  0   0  0   1  1  1  0  0  12/22  18:53   4:27   1:22 
Bryan Bickell            0  0  0   0  2   0  6  0  0  0  0/2    16:45   4:15   0:00 
Cory Emmerton            0  0  0   0  0   0  0  0  0  0  4/9     9:23   0:00   3:57 
Damien Brunner           1  0  1   0  0   5  0  0  0  0  0/1    20:45   4:07   0:00 
David Booth              0  0  0   0  0   1  2  0  0  0  1/3     5:26   0:00   0:00 
Eric Fehr                0  0  0  -1  0   1  0  0  0  0  0/1    14:13   0:00   3:44 
Jiri Hudler              0  1  1   1  0   1  0  0  0  0  1/3    19:10   4:15   0:00 
Keith Aulie              0  0  0   0  2   1  2  0  0  0  0/0    10:15   0:00   0:40 
Lubomir Visnovsky        0  1  1   0  0   2  0  0  0  0  0/0    25:49   4:56   2:34 
Luca Sbisa               0  0  0  -1  2   1  1  2  0  0  0/0    20:26   3:46   2:57 
Matthew Lombardi         0  0  0  -1  0   0  0  0  0  0  4/8    10:29   0:00   0:00 
Niklas Kronwall          0  0  0   0  4   4  1  0  0  0  0/0    23:49   4:56   0:47 
Patrick Dwyer            0  0  0  -1  0   1  3  0  0  0  0/0    12:17   0:20   1:28 
Rich Peverley            0  0  0   0  0   2  3  0  0  0  11/24  20:53   4:15   0:00 
Scott Gomez              0  0  0   0  0   0  0  0  0  0  3/6     6:17   0:00   0:51 
Tom Gilbert              0  0  0  -1  0   1  0  0  0  0  0/0    20:18   3:46   2:08 
Tyson Strachan           0  0  0   0  2   0  2  4  0  0  0/0    19:18   0:00   2:16 
Viktor Stalberg          0  0  0   0  0   4  2  1  0  0  1/1    16:58   4:27   0:00 

Players Stats for MapleLeafs

Player Name              G  A  P  +/- PIM S  H  SB GA TA FO     MP     PP MP  PK MP  
------------------------------------------------------------------------------------
Adam Hall                0  0  0   0  0   0  1  0  0  0  8/16   14:30   0:00   0:12 
Adam Henrique            0  2  2   2  0   2  0  0  0  0  12/23  20:11   2:44   3:21 
Brian Lashoff            0  0  0   0  2   0  2  1  0  0  0/0    13:22   0:00   0:00 
Chuck Kobasew            0  0  0   0  0   1  0  1  0  0  0/0    14:18   0:00   0:00 
Derek Dorsett            0  1  1  -1  4   1  9  0  0  0  1/1    18:54   2:56   0:00 
Drew Doughty             0  0  0  -1  2   2  3  0  0  0  0/0    25:19   3:42   3:27 
Greg Zanon               0  0  0   1  2   0  2  1  0  0  0/0    18:43   0:00   3:46 
Hal Gill                 0  0  0   0  0   0  0  0  0  0  0/0     0:00   0:00   0:00 
Jay Beagle               0  0  0   0  0   2  0  0  0  0  0/0    14:18   0:00   0:00 
Jonathan Ericsson        0  1  1   2  0   0  2  1  0  0  0/0    20:15   1:59   4:13 
Patrick Marleau          1  0  1  -1  0   5  0  0  0  0  3/3    19:34   2:57   5:21 
Raffi Torres             1  1  2   1  2   3  4  0  0  0  0/0    16:28   2:44   0:00 
Rostislav Klesla         0  0  0   1  0   0  0  1  0  0  0/0    15:56   1:59   1:29 
Ryan Carter              0  0  0   0  0   0  0  0  0  0  0/0     9:18   0:00   3:21 
Steve Sullivan           1  1  2   1  0   1  0  0  0  0  1/1    15:15   2:44   0:00 
Vernon Fiddler           0  0  0   0  0   0  0  0  0  0  7/16   11:06   0:00   5:09 
Victor Hedman            0  0  0  -1  0   2  2  2  0  0  0/0    26:22   3:42   4:29 
Vincent Lecavalier       1  1  2   0  0   3  2  0  0  0  11/20  14:34   2:57   0:00 

3 Stars

1 - Raffi Torres (TOR)
2 - Ryan Miller (TOR)
3 - Steve Sullivan (TOR)

Power Play

Panthers - 0 on 5 Attempt(s) - 0.00%
MapleLeafs - 2 on 5 Attempt(s) - 40.00%

Penalty Kill

Panthers - 3 on 5 Attempt(s) - 60.00% - Score 0 goal in Penalty Kill
MapleLeafs - 5 on 5 Attempt(s) - 100.00% - Score 0 goal in Penalty Kill

Official

Referees : Wes McCauley and Mike Leggo
Linesman : Shane Heyer and Michel Cormier

Game Notes

No Game Note

% Time on Ice - Panthers

Lines # - Real PCT - Wanted PCT - Time Play
Normal Forward
1 - 34% - 40% - 14:22
2 - 29% - 30% - 12:31
3 - 24% - 20% - 10:29
4 - 13% - 10% - 5:26
Normal Defense
1 - 39% - 40% - 16:46
2 - 30% - 30% - 12:54
3 - 22% - 20% - 9:36
4 - 8% - 10% - 3:32
PP Forward
1 - 51% - 60% - 4:27
2 - 49% - 40% - 4:15
PP Defense
1 - 57% - 60% - 4:56
2 - 43% - 40% - 3:46
PK Forward
1 - 74% - 60% - 4:13
2 - 26% - 40% - 1:28
PK Defense
1 - 50% - 60% - 2:50
2 - 50% - 40% - 2:51
PK3 Forward
1 - 0% - 60%
2 - 0% - 40%
PK3 Defense
1 - 0% - 60%
2 - 0% - 40%
44 Forward
1 - 80% - 60% - 2:16
2 - 20% - 40% - 0:33
44 Defense
1 - 36% - 60% - 1:00
2 - 64% - 40% - 1:49
Last Minute Offensive  - 0:00
Last Minute Defensive  - 0:00
Total
Forward - 60:00
Defense - 60:00

% Time on Ice - MapleLeafs

Lines # - Real PCT - Wanted PCT - Time Play
Normal Forward
1 - 23% - 29% - 10:02
2 - 29% - 25% - 12:31
3 - 14% - 23% - 5:57
4 - 33% - 23% - 14:18
Normal Defense
1 - 25% - 28% - 10:30
2 - 29% - 26% - 12:28
3 - 31% - 26% - 13:23
4 - 15% - 20% - 6:27
PP Forward
1 - 52% - 54% - 2:57
2 - 48% - 46% - 2:44
PP Defense
1 - 65% - 55% - 3:42
2 - 35% - 45% - 1:59
PK Forward
1 - 61% - 56% - 5:21
2 - 39% - 44% - 3:21
PK Defense
1 - 52% - 55% - 4:29
2 - 48% - 45% - 4:13
PK3 Forward
1 - 0% - 55%
2 - 0% - 45%
PK3 Defense
1 - 0% - 54%
2 - 0% - 46%
44 Forward
1 - 56% - 55% - 1:35
2 - 44% - 45% - 1:14
44 Defense
1 - 44% - 54% - 1:14
2 - 56% - 46% - 1:35
Last Minute Offensive  - 0:00
Last Minute Defensive  - 0:00
Total
Forward - 60:00
Defense - 60:00

Play by Play

1st period


0:01 of 1st period - Vincent Lecavalier wins face-off versus Rich Peverley in neutral zone.
0:01 of 1st period - Derek Dorsett is hit by Rich Peverley and loses puck.
0:33 of 1st period - Shot by Damien Brunner.
0:33 of 1st period - Goal by Damien Brunner - Panthers : 1 - MapleLeafs : 0.
0:34 of 1st period - Adam Henrique wins face-off versus Brooks Laich in neutral zone.
0:43 of 1st period - Raffi Torres is hit by Viktor Stalberg and loses puck.
1:03 of 1st period - Minor Penalty to Raffi Torres for Hooking.
1:04 of 1st period - Rich Peverley wins face-off versus Vernon Fiddler in MapleLeafs zone.
1:31 of 1st period - Shot by Lubomir Visnovsky.
1:31 of 1st period - Stopped by Ryan Miller without a rebound.
1:32 of 1st period - Brooks Laich wins face-off versus Adam Henrique in MapleLeafs zone.
1:32 of 1st period - Tom Gilbert is hit by Jonathan Ericsson and loses puck.
1:47 of 1st period - Shot by Damien Brunner.
1:47 of 1st period - Stopped by Ryan Miller without a rebound.
1:48 of 1st period - Vernon Fiddler wins face-off versus Brooks Laich in MapleLeafs zone.
2:21 of 1st period - Shot by Damien Brunner.
2:21 of 1st period - Stopped by Ryan Miller without a rebound.
2:22 of 1st period - Vernon Fiddler wins face-off versus Rich Peverley in MapleLeafs zone.
2:22 of 1st period - Vernon Fiddler is hit by Bryan Bickell.
2:34 of 1st period - Shot by Tom Gilbert.
2:34 of 1st period - Stopped by Ryan Miller without a rebound.
2:35 of 1st period - Adam Henrique wins face-off versus Jiri Hudler in MapleLeafs zone.
2:35 of 1st period - Adam Henrique is hit by Bryan Bickell.
3:02 of 1st period - Off-side.
3:03 of 1st period - Adam Hall wins face-off versus Matthew Lombardi in neutral zone.
3:32 of 1st period - Icing by Chuck Kobasew.
3:33 of 1st period - Adam Hall wins face-off versus Rich Peverley in MapleLeafs zone.
3:33 of 1st period - Jay Beagle is hit by Rich Peverley and loses puck.
3:49 of 1st period - Keith Aulie is hit by Greg Zanon and loses puck.
3:55 of 1st period - Greg Zanon is hit by Rich Peverley and loses puck.
4:14 of 1st period - Drew Doughty is hit by Keith Aulie and loses puck.
4:44 of 1st period - Minor Penalty to Bryan Bickell for Hooking.
4:45 of 1st period - Adam Henrique wins face-off versus Cory Emmerton in Panthers zone.
4:58 of 1st period - Shot by Steve Sullivan.
4:58 of 1st period - Goal by Steve Sullivan - Panthers : 1 - MapleLeafs : 1.
4:59 of 1st period - Brooks Laich wins face-off versus Adam Henrique in neutral zone.
5:16 of 1st period - Jonathan Ericsson is hit by Bryan Bickell and loses puck.
6:05 of 1st period - Shot by Patrick Marleau.
6:05 of 1st period - Stopped by Ben Bishop without a rebound.
6:06 of 1st period - David Booth wins face-off versus Adam Hall in Panthers zone.
6:27 of 1st period - Off-side.
6:28 of 1st period - Vincent Lecavalier wins face-off versus Rich Peverley in neutral zone.
6:50 of 1st period - Minor Penalty to Keith Aulie for Interference.
6:51 of 1st period - Cory Emmerton wins face-off versus Adam Henrique in Panthers zone.
6:51 of 1st period - Cory Emmerton is hit by Raffi Torres.
7:05 of 1st period - Shot by Raffi Torres.
7:05 of 1st period - Stopped by Ben Bishop without a rebound.
7:06 of 1st period - Cory Emmerton wins face-off versus Vincent Lecavalier in Panthers zone.
7:29 of 1st period - Shot by Vincent Lecavalier.
7:29 of 1st period - Shot Blocked by Tyson Strachan.
7:31 of 1st period - Shot by Patrick Marleau.
7:31 of 1st period - Shot Blocked by Tyson Strachan.
7:33 of 1st period - Shot by Patrick Marleau.
7:33 of 1st period - Goal by Patrick Marleau - Panthers : 1 - MapleLeafs : 2.
7:34 of 1st period - Brooks Laich wins face-off versus Adam Henrique in neutral zone.
7:34 of 1st period - Niklas Kronwall is hit by Raffi Torres and loses puck.
7:47 of 1st period - Steve Sullivan is hit by Bryan Bickell and loses puck.
7:58 of 1st period - Shot by Viktor Stalberg.
7:58 of 1st period - Shot Blocked by Brian Lashoff.
8:05 of 1st period - Raffi Torres is hit by Niklas Kronwall and loses puck.
8:37 of 1st period - Minor Penalty to Niklas Kronwall for Tripping.
8:38 of 1st period - Vincent Lecavalier wins face-off versus Cory Emmerton in Panthers zone.
9:01 of 1st period - Shot by Patrick Marleau.
9:01 of 1st period - Shot Blocked by Luca Sbisa.
10:38 of 1st period - Shot by Vincent Lecavalier.
10:38 of 1st period - Shot Misses the Net.
10:55 of 1st period - Icing by Greg Zanon.
10:56 of 1st period - Rich Peverley wins face-off versus Adam Hall in MapleLeafs zone.
12:10 of 1st period - Shot by Keith Aulie.
12:10 of 1st period - Stopped by Ryan Miller without a rebound.
12:11 of 1st period - Brooks Laich wins face-off versus Vernon Fiddler in MapleLeafs zone.
12:11 of 1st period - Brooks Laich is hit by Drew Doughty.
12:16 of 1st period - Brooks Laich is hit by Drew Doughty and loses puck.
12:53 of 1st period - Victor Hedman is hit by Bryan Bickell and loses puck.
13:16 of 1st period - Adam Hall is hit by Patrick Dwyer and loses puck.
13:58 of 1st period - Minor Penalty to Tyson Strachan for Hooking.
13:59 of 1st period - Cory Emmerton wins face-off versus Adam Henrique in Panthers zone.
14:18 of 1st period - Shot by Drew Doughty.
14:18 of 1st period - Shot Misses the Net.
14:44 of 1st period - Minor Penalty to Derek Dorsett for Hooking.
14:45 of 1st period - Adam Henrique wins face-off versus Rich Peverley in MapleLeafs zone.
14:54 of 1st period - Shot by Adam Henrique.
14:54 of 1st period - Stopped by Ben Bishop with a rebound.
14:56 of 1st period - Shot by Vincent Lecavalier.
14:56 of 1st period - Goal by Vincent Lecavalier - Panthers : 1 - MapleLeafs : 3.
14:57 of 1st period - Adam Henrique wins face-off versus Damien Brunner in neutral zone.
15:19 of 1st period - Shot by Vincent Lecavalier.
15:19 of 1st period - Stopped by Ben Bishop without a rebound.
15:20 of 1st period - Patrick Marleau wins face-off versus Rich Peverley in Panthers zone.
15:29 of 1st period - Shot by Raffi Torres.
15:29 of 1st period - Shot Misses the Net.
15:49 of 1st period - Shot by Raffi Torres.
15:49 of 1st period - Shot Hit the Post.
16:17 of 1st period - Shot by Lubomir Visnovsky.
16:17 of 1st period - Stopped by Ryan Miller without a rebound.
16:18 of 1st period - Vernon Fiddler wins face-off versus Rich Peverley in MapleLeafs zone.
17:29 of 1st period - Greg Zanon is hit by Tyson Strachan and loses puck.
18:02 of 1st period - Shot by Ryan Carter.
18:02 of 1st period - Shot Blocked by Viktor Stalberg.
19:42 of 1st period - Icing by Keith Aulie.
19:43 of 1st period - Rich Peverley wins face-off versus Adam Hall in Panthers zone.

2nd period


0:01 of 2nd period - Jiri Hudler wins face-off versus Vincent Lecavalier in neutral zone.
0:01 of 2nd period - Jiri Hudler is hit by Derek Dorsett.
0:34 of 2nd period - Shot by Damien Brunner.
0:34 of 2nd period - Stopped by Ryan Miller without a rebound.
0:35 of 2nd period - Brooks Laich wins face-off versus Adam Henrique in MapleLeafs zone.
0:44 of 2nd period - Shot by Adam Henrique.
0:44 of 2nd period - Deflect By Raffi Torres.
0:44 of 2nd period - Shot Blocked by Brooks Laich.
0:46 of 2nd period - Shot by Adam Henrique.
0:46 of 2nd period - Stopped by Ben Bishop without a rebound.
0:47 of 2nd period - Matthew Lombardi wins face-off versus Adam Hall in Panthers zone.
1:07 of 2nd period - Adam Hall is hit by Patrick Dwyer and loses puck.
1:23 of 2nd period - Shot by Eric Fehr.
1:23 of 2nd period - Shot Blocked by Greg Zanon.
1:25 of 2nd period - Shot by Matthew Lombardi.
1:25 of 2nd period - Shot Hit the Post.
1:55 of 2nd period - Shot by Jiri Hudler.
1:55 of 2nd period - Shot Misses the Net.
1:57 of 2nd period - Shot by Damien Brunner.
1:57 of 2nd period - Deflect By Jiri Hudler.
1:57 of 2nd period - Shot Misses the Net.
1:59 of 2nd period - Shot by Niklas Kronwall.
1:59 of 2nd period - Shot Misses the Net.
2:37 of 2nd period - Off-side.
2:38 of 2nd period - Vincent Lecavalier wins face-off versus David Booth in neutral zone.
2:47 of 2nd period - Icing by Luca Sbisa.
2:48 of 2nd period - Vincent Lecavalier wins face-off versus Cory Emmerton in Panthers zone.
3:19 of 2nd period - Icing by David Booth.
3:20 of 2nd period - Steve Sullivan wins face-off versus David Booth in Panthers zone.
3:26 of 2nd period - Icing by Tyson Strachan.
3:27 of 2nd period - Adam Henrique wins face-off versus Scott Gomez in Panthers zone.
3:42 of 2nd period - Rostislav Klesla is hit by Tyson Strachan and loses puck.
4:41 of 2nd period - Minor Penalty to Drew Doughty for Charging.
4:42 of 2nd period - Vernon Fiddler wins face-off versus Brooks Laich in MapleLeafs zone.
4:42 of 2nd period - Victor Hedman is hit by Brooks Laich and loses puck.
4:57 of 2nd period - Shot by Luca Sbisa.
4:57 of 2nd period - Stopped by Ryan Miller without a rebound.
4:58 of 2nd period - Rich Peverley wins face-off versus Vernon Fiddler in MapleLeafs zone.
5:23 of 2nd period - Shot by Lubomir Visnovsky.
5:23 of 2nd period - Shot Misses the Net.
5:25 of 2nd period - Shot by Niklas Kronwall.
5:25 of 2nd period - Stopped by Ryan Miller without a rebound.
5:26 of 2nd period - Vernon Fiddler wins face-off versus Brooks Laich in MapleLeafs zone.
5:26 of 2nd period - Vernon Fiddler is hit by Viktor Stalberg.
5:45 of 2nd period - Tom Gilbert is hit by Victor Hedman and loses puck.
5:48 of 2nd period - Shot by Brooks Laich.
5:48 of 2nd period - Shot Misses the Net.
6:14 of 2nd period - Ryan Carter is hit by Luca Sbisa and loses puck.
6:45 of 2nd period - Icing by Jay Beagle.
6:46 of 2nd period - Adam Hall wins face-off versus Matthew Lombardi in MapleLeafs zone.
7:16 of 2nd period - Icing by Matthew Lombardi.
7:17 of 2nd period - Matthew Lombardi wins face-off versus Vincent Lecavalier in Panthers zone.
7:17 of 2nd period - Matthew Lombardi is hit by Derek Dorsett.
7:20 of 2nd period - Niklas Kronwall is hit by Derek Dorsett and loses puck.
7:31 of 2nd period - Shot by Vincent Lecavalier.
7:31 of 2nd period - Stopped by Ben Bishop without a rebound.
7:32 of 2nd period - Adam Henrique wins face-off versus Scott Gomez in Panthers zone.
7:37 of 2nd period - Shot by Raffi Torres.
7:37 of 2nd period - Stopped by Ben Bishop without a rebound.
7:38 of 2nd period - Vincent Lecavalier wins face-off versus Brooks Laich in Panthers zone.
8:19 of 2nd period - Shot by Patrick Marleau.
8:19 of 2nd period - Stopped by Ben Bishop with a rebound.
8:43 of 2nd period - Shot by Raffi Torres.
8:43 of 2nd period - Shot Blocked by Tyson Strachan.
9:08 of 2nd period - Icing by Tom Gilbert.
9:09 of 2nd period - Adam Hall wins face-off versus Brooks Laich in Panthers zone.
10:30 of 2nd period - Shot by Patrick Dwyer.
10:30 of 2nd period - Shot Misses the Net.
10:32 of 2nd period - Shot by Eric Fehr.
10:32 of 2nd period - Shot Misses the Net.
10:34 of 2nd period - Shot by Niklas Kronwall.
10:34 of 2nd period - Stopped by Ryan Miller without a rebound.
10:35 of 2nd period - Scott Gomez wins face-off versus Vincent Lecavalier in MapleLeafs zone.
10:50 of 2nd period - Cory Emmerton is hit by Derek Dorsett and loses puck.
11:07 of 2nd period - Shot by Drew Doughty.
11:07 of 2nd period - Stopped by Ben Bishop without a rebound.
11:08 of 2nd period - Adam Henrique wins face-off versus Eric Fehr in Panthers zone.
11:29 of 2nd period - Shot by Eric Fehr.
11:29 of 2nd period - Stopped by Ryan Miller without a rebound.
11:30 of 2nd period - Rich Peverley wins face-off versus Vernon Fiddler in MapleLeafs zone.
11:38 of 2nd period - Icing by Drew Doughty.
11:39 of 2nd period - Vernon Fiddler wins face-off versus Rich Peverley in MapleLeafs zone.
12:24 of 2nd period - Off-side.
12:25 of 2nd period - Adam Henrique wins face-off versus Brooks Laich in neutral zone.
12:45 of 2nd period - Icing by Tom Gilbert.
12:46 of 2nd period - Brooks Laich wins face-off versus Adam Hall in Panthers zone.
14:01 of 2nd period - Shot by Patrick Marleau.
14:01 of 2nd period - Stopped by Ben Bishop without a rebound.
14:02 of 2nd period - Rich Peverley wins face-off versus Adam Henrique in Panthers zone.
15:04 of 2nd period - Icing by Victor Hedman.
15:05 of 2nd period - Vincent Lecavalier wins face-off versus Bryan Bickell in MapleLeafs zone.
15:13 of 2nd period - Icing by Derek Dorsett.
15:14 of 2nd period - Brooks Laich wins face-off versus Vincent Lecavalier in MapleLeafs zone.
15:44 of 2nd period - Shot by Patrick Marleau.
15:44 of 2nd period - Shot Blocked by Tyson Strachan.
15:46 of 2nd period - Shot by Victor Hedman.
15:46 of 2nd period - Stopped by Ben Bishop with a rebound.
15:48 of 2nd period - Shot by Victor Hedman.
15:48 of 2nd period - Stopped by Ben Bishop without a rebound.
15:49 of 2nd period - Matthew Lombardi wins face-off versus Adam Henrique in Panthers zone.
15:49 of 2nd period - Matthew Lombardi is hit by Raffi Torres.
16:17 of 2nd period - Shot by Patrick Dwyer.
16:17 of 2nd period - Shot Blocked by Jonathan Ericsson.
16:57 of 2nd period - Shot by Jay Beagle.
16:57 of 2nd period - Stopped by Ben Bishop with a rebound.
17:07 of 2nd period - Shot by Jay Beagle.
17:07 of 2nd period - Stopped by Ben Bishop without a rebound.
17:08 of 2nd period - Brooks Laich wins face-off versus Vernon Fiddler in Panthers zone.
17:08 of 2nd period - Brooks Laich is hit by Derek Dorsett.
17:14 of 2nd period - Bryan Bickell is hit by Derek Dorsett and loses puck.
18:07 of 2nd period - Icing by Luca Sbisa.
18:08 of 2nd period - Brooks Laich wins face-off versus Adam Hall in Panthers zone.
18:19 of 2nd period - Shot by Chuck Kobasew.
18:19 of 2nd period - Stopped by Ben Bishop without a rebound.
18:20 of 2nd period - Adam Henrique wins face-off versus Rich Peverley in Panthers zone.
18:55 of 2nd period - Icing by Lubomir Visnovsky.
18:56 of 2nd period - Vincent Lecavalier wins face-off versus Rich Peverley in Panthers zone.
19:38 of 2nd period - Patrick Dwyer is hit by Drew Doughty and loses puck.
19:46 of 2nd period - Tom Gilbert is hit by Derek Dorsett.
19:48 of 2nd period - Shot by Patrick Dwyer.
19:48 of 2nd period - Stopped by Ryan Miller without a rebound.
19:49 of 2nd period - Brooks Laich wins face-off versus Adam Henrique in MapleLeafs zone.
19:55 of 2nd period - Icing by Rostislav Klesla.
19:56 of 2nd period - Adam Henrique wins face-off versus Brooks Laich in MapleLeafs zone.
19:56 of 2nd period - Adam Henrique is hit by Bryan Bickell.

3rd period


0:01 of 3rd period - Rich Peverley wins face-off versus Vernon Fiddler in neutral zone.
0:32 of 3rd period - Niklas Kronwall is hit by Derek Dorsett and loses puck.
0:36 of 3rd period - Minor Penalty to Derek Dorsett for Hooking.
0:37 of 3rd period - Vernon Fiddler wins face-off versus Brooks Laich in MapleLeafs zone.
1:39 of 3rd period - Shot by Niklas Kronwall.
1:39 of 3rd period - Deflect By Jiri Hudler.
1:39 of 3rd period - Shot Blocked by Victor Hedman.
1:41 of 3rd period - Shot by Niklas Kronwall.
1:41 of 3rd period - Shot Blocked by Victor Hedman.
1:43 of 3rd period - Shot by Lubomir Visnovsky.
1:43 of 3rd period - Deflect By Jiri Hudler.
1:43 of 3rd period - Stopped by Ryan Miller without a rebound.
1:44 of 3rd period - Rich Peverley wins face-off versus Adam Hall in MapleLeafs zone.
2:41 of 3rd period - Jonathan Ericsson is hit by Patrick Dwyer.
2:58 of 3rd period - Icing by Eric Fehr.
2:59 of 3rd period - Matthew Lombardi wins face-off versus Vincent Lecavalier in Panthers zone.
2:59 of 3rd period - Matthew Lombardi is hit by Derek Dorsett.
3:02 of 3rd period - Tyson Strachan is hit by Vincent Lecavalier and loses puck.
3:18 of 3rd period - Luca Sbisa is hit by Brian Lashoff and loses puck.
3:26 of 3rd period - Icing by Greg Zanon.
3:27 of 3rd period - Scott Gomez wins face-off versus Vincent Lecavalier in MapleLeafs zone.
3:27 of 3rd period - Keith Aulie is hit by Brian Lashoff and loses puck.
3:28 of 3rd period - Minor Penalty to Greg Zanon for Cross-checking.
3:29 of 3rd period - Brooks Laich wins face-off versus Vernon Fiddler in MapleLeafs zone.
3:36 of 3rd period - Shot by Niklas Kronwall.
3:36 of 3rd period - Stopped by Ryan Miller with a rebound.
3:38 of 3rd period - Shot by Viktor Stalberg.
3:38 of 3rd period - Stopped by Ryan Miller without a rebound.
3:39 of 3rd period - Brooks Laich wins face-off versus Vernon Fiddler in MapleLeafs zone.
3:39 of 3rd period - Lubomir Visnovsky is hit by Victor Hedman and loses puck.
3:56 of 3rd period - Shot by Niklas Kronwall.
3:56 of 3rd period - Stopped by Ryan Miller without a rebound.
3:57 of 3rd period - Rich Peverley wins face-off versus Vernon Fiddler in MapleLeafs zone.
3:57 of 3rd period - Rich Peverley is hit by Jonathan Ericsson.
4:26 of 3rd period - Shot by Niklas Kronwall.
4:26 of 3rd period - Shot Blocked by Rostislav Klesla.
5:32 of 3rd period - Shot by David Booth.
5:32 of 3rd period - Stopped by Ryan Miller without a rebound.
5:33 of 3rd period - Adam Hall wins face-off versus Cory Emmerton in MapleLeafs zone.
5:33 of 3rd period - Jay Beagle is hit by David Booth.
6:21 of 3rd period - Icing by Lubomir Visnovsky.
6:22 of 3rd period - Adam Henrique wins face-off versus Matthew Lombardi in Panthers zone.
6:46 of 3rd period - Shot by Patrick Dwyer.
6:46 of 3rd period - Deflect By Eric Fehr.
6:46 of 3rd period - Shot Misses the Net.
7:02 of 3rd period - Shot by Steve Sullivan.
7:02 of 3rd period - Shot Misses the Net.
7:43 of 3rd period - Off-side.
7:44 of 3rd period - Viktor Stalberg wins face-off versus Vincent Lecavalier in neutral zone.
7:47 of 3rd period - Shot by Bryan Bickell.
7:47 of 3rd period - Shot Misses the Net.
8:21 of 3rd period - Off-side.
8:22 of 3rd period - Rich Peverley wins face-off versus Adam Hall in neutral zone.
8:22 of 3rd period - Rich Peverley is hit by Adam Hall.
8:30 of 3rd period - Shot by Rich Peverley.
8:30 of 3rd period - Stopped by Ryan Miller with a rebound.
8:36 of 3rd period - Shot by Rich Peverley.
8:36 of 3rd period - Shot Misses the Net.
8:48 of 3rd period - Shot by Luca Sbisa.
8:48 of 3rd period - Shot Blocked by Chuck Kobasew.
8:57 of 3rd period - Icing by Tyson Strachan.
8:58 of 3rd period - Derek Dorsett wins face-off versus Rich Peverley in Panthers zone.
11:00 of 3rd period - Jay Beagle is hit by Keith Aulie and loses puck.
11:03 of 3rd period - Shot by Adam Hall.
11:03 of 3rd period - Shot Misses the Net.
11:10 of 3rd period - Icing by Tom Gilbert.
11:11 of 3rd period - Scott Gomez wins face-off versus Vincent Lecavalier in Panthers zone.
11:47 of 3rd period - Shot by Rich Peverley.
11:47 of 3rd period - Shot Misses the Net.
11:49 of 3rd period - Shot by Rich Peverley.
11:49 of 3rd period - Shot Misses the Net.
11:51 of 3rd period - Shot by Rich Peverley.
11:51 of 3rd period - Stopped by Ryan Miller without a rebound.
11:52 of 3rd period - Adam Hall wins face-off versus Matthew Lombardi in MapleLeafs zone.
13:07 of 3rd period - Shot by Raffi Torres.
13:07 of 3rd period - Goal by Raffi Torres - Panthers : 1 - MapleLeafs : 4.
13:08 of 3rd period - Vincent Lecavalier wins face-off versus Rich Peverley in neutral zone.
14:27 of 3rd period - Shot by Viktor Stalberg.
14:27 of 3rd period - Stopped by Ryan Miller with a rebound.
14:33 of 3rd period - Shot by Bryan Bickell.
14:33 of 3rd period - Deflect By Viktor Stalberg.
14:33 of 3rd period - Stopped by Ryan Miller with a rebound.
14:35 of 3rd period - Shot by Brooks Laich.
14:35 of 3rd period - Stopped by Ryan Miller with a rebound.
14:41 of 3rd period - Shot by Viktor Stalberg.
14:41 of 3rd period - Stopped by Ryan Miller without a rebound.
14:42 of 3rd period - Adam Hall wins face-off versus Scott Gomez in MapleLeafs zone.
14:42 of 3rd period - Adam Hall is hit by David Booth.
14:58 of 3rd period - Shot by Chuck Kobasew.
14:58 of 3rd period - Shot Misses the Net.
15:04 of 3rd period - Shot by Chuck Kobasew.
15:04 of 3rd period - Shot Misses the Net.
15:05 of 3rd period - Minor Penalty to Niklas Kronwall for Hooking.
15:06 of 3rd period - Vincent Lecavalier wins face-off versus Cory Emmerton in Panthers zone.
15:15 of 3rd period - Shot by Drew Doughty.
15:15 of 3rd period - Stopped by Ben Bishop without a rebound.
15:16 of 3rd period - Cory Emmerton wins face-off versus Adam Henrique in Panthers zone.
15:16 of 3rd period - Cory Emmerton is hit by Raffi Torres.
15:34 of 3rd period - Shot by Victor Hedman.
15:34 of 3rd period - Shot Misses the Net.
15:46 of 3rd period - Shot by Drew Doughty.
15:46 of 3rd period - Shot Blocked by Luca Sbisa.
16:40 of 3rd period - Shot by Derek Dorsett.
16:40 of 3rd period - Stopped by Ben Bishop without a rebound.
16:41 of 3rd period - Vincent Lecavalier wins face-off versus Brooks Laich in Panthers zone.
17:18 of 3rd period - Shot by Damien Brunner.
17:18 of 3rd period - Stopped by Ryan Miller without a rebound.
17:19 of 3rd period - Adam Hall wins face-off versus Bryan Bickell in MapleLeafs zone.
18:15 of 3rd period - Luca Sbisa is hit by Greg Zanon and loses puck.
18:23 of 3rd period - Minor Penalty to Brian Lashoff for Slashing.
18:23 of 3rd period - Minor Penalty to Luca Sbisa for Holding Stick.
18:24 of 3rd period - Rich Peverley wins face-off versus Adam Henrique in MapleLeafs zone.
18:25 of 3rd period - Shot by Damien Brunner.
18:25 of 3rd period - Deflect By Rich Peverley.
18:25 of 3rd period - Shot Misses the Net.
18:41 of 3rd period - Damien Brunner is hit by Vincent Lecavalier and loses puck.
19:23 of 3rd period - Off-side.
19:24 of 3rd period - Patrick Marleau wins face-off versus Rich Peverley in neutral zone.
19:43 of 3rd period - Shot by Patrick Marleau.
19:43 of 3rd period - Stopped by Ben Bishop without a rebound.
19:44 of 3rd period - Patrick Marleau wins face-off versus Jiri Hudler in Panthers zone.


Output by the SimonT Hockey Simulator (STHS) for Stephane Roy -- Original Page W3C XHTML 1.0 Valid
Hockey Simulator - Hockey Simulation - Hockey Manager